 Dungeon Crawl Stone Soup version 0.31-a0-185-g9dded2c639 (webtiles) character file.

Game seed: 11614355956672938885

348 qw the Skirmisher (level 6, -1/35 HPs)
             Began as a Deep Elf Hunter on June 22, 2023.
             Succumbed to a water moccasin's poison
             ... on level 5 of the Dungeon.
             The game lasted 00:01:18 (3474 turns).

qw the Skirmisher (Deep Elf Hunter)                 Turns: 3474, Time: 00:01:18

Health: -1/35      AC:  8    Str: 15    XL:     6   Next: 33%
Magic:  8/8        EV: 12    Int: 14    God:
Gold:   228        SH:  5    Dex: 18    Spells: 5/5 levels left

rFire   . . .        k - +1 triple crossbow of Ureostra {penet, rCorr Str+5 Stlth-}
rCold   . . .        (shield currently unavailable)
rNeg    + . .        g - +0 ring mail
rPois   .            f - +0 helmet
rElec   .            b - +0 cloak
rCorr   +            o - +0 pair of gloves
SInv    .            (no boots)
Will    .....        i - amulet of reflection Stlth
                     q - ring of positive energy
HPRegen 0.25/turn    (no ring)
MPRegen 0.11/turn

%: reflection
@: lethally poisoned (-1 -> -7)
A: no striking features
a: no special abilities


You were on level 5 of the Dungeon.
You visited 1 branch of the dungeon, and saw 5 of its levels.

You collected 228 gold pieces.


   Skills:
 - Level 2.0 Fighting
 + Level 9.1 Ranged Weapons
 - Level 1.1 Armour
 - Level 3.5 Dodging
 - Level 1.2 Stealth


You had 5 spell levels left.
You didn't know any spells.
Your spell library was empty.

Inventory:

Hand Weapons
 k - the +1 triple crossbow of Ureostra (weapon) {penet, rCorr Str+5 Stlth-}
   (You acquired it on level 3 of the Dungeon)

   Str:       It affects your strength (+5).
   rCorr:     It protects you from acid and corrosion.
   Stlth:     It makes you less stealthy.
Armour
 a - a scarf of repulsion
 b - a +0 cloak (worn)
 f - a +0 helmet (worn)
 g - a +0 ring mail (worn)
 o - a +0 pair of gloves (worn)
Jewellery
 i - an amulet of reflection (around neck)
 q - a ring of positive energy (left hand)
Scrolls
 c - a scroll of identify
Potions
 e - a potion of mutation
 h - a potion of enlightenment {unknown}
 j - 2 potions of heal wounds {unknown}
 l - a potion of haste {unknown}
 m - a potion of attraction {unknown}
 p - a potion of cancellation {unknown}
 r - a potion of brilliance {unknown}

Dungeon Overview and Level Annotations

Branches:
Dungeon (5/15)
 Temple: D:4-7

Altars:
Sif Muna

Shops:
D:4 (

Annotations:
D:2 1 runed translucent door, Crazy Yiuf
D:5 qw's ghost, novice GrFi


Message History

The acid dragon roars!
j - 2 lumpy white potions (gained 1)
A water moccasin comes into view.
The water moccasin hisses angrily.
Enter note:
Enter note: You shoot a bolt.
The bolt pierces through the water moccasin.
The water moccasin is lightly wounded.
You shoot a bolt.
The bolt closely misses the water moccasin.
The water moccasin barely misses you.
You block the water moccasin's attack. x2
You shoot a bolt.
The bolt pierces through the water moccasin!
The water moccasin is severely wounded.
The water moccasin bites you.
The water moccasin bites you but does no damage.
The water moccasin bites you!
You shoot a bolt. The bolt misses the water moccasin.
The water moccasin misses you. You block the water moccasin's attack.
You shoot a bolt.
The bolt closely misses the water moccasin.
You block the water moccasin's attack. The water moccasin closely misses you.
The water moccasin bites you.
You shoot a bolt. The bolt misses the water moccasin.
The water moccasin completely misses you.
The water moccasin bites you.
You are poisoned.
The water moccasin poisons you! The water moccasin closely misses you.
You shoot a bolt.
The bolt pierces through the water moccasin.
The water moccasin is severely wounded.
You feel extremely sick.
The water moccasin bites you but does no damage.
The water moccasin bites you. You block the water moccasin's attack.
You shoot a bolt. The bolt misses the water moccasin.
You feel very sick. The water moccasin bites you.
You block the water moccasin's attack.
You shoot a bolt. The bolt misses the water moccasin.
You die...

...... #...... .......
....DDh#.. .......
OooWW8##..# .......
#######...# ##.......
..^.......######S.......
..............>.@....#
..................####
...................#
...................#
....................#
..............<.....#
.....................#
#>......#............#
##......##....)......#


You could see a water moccasin.

Vanquished Creatures
  A scorpion (D:4)
  An iguana (D:5)
  Terence (D:3)
  Natasha (twice) (D:2)
  Robin (D:2)
  5 gnolls
  5 adders
  A worm (D:3)
  2 dart slugs (D:1)
  2 orcs
  5 endoplasms
  2 giant cockroaches
  18 goblins
  7 hobgoblins
  3 quokkas
  6 ball pythons
  5 bats
  4 frilled lizards
  5 kobolds
  6 rats
82 creatures vanquished.

Notes
Turn   | Place    | Note
-------+----------+-------------------------------------------
     0 | D:1      | qw the Deep Elf Hunter began the quest for the Orb.
     0 | D:1      | Reached XP level 1. HP: 12/12 MP: 3/3
     0 | D:1      | 0 ||| qw: Version: 0.3-a-9-g12657ce
     0 | D:1      | 0 ||| qw: Game counter: 1807
     0 | D:1      | 0 ||| qw: Always use a shield: true
     0 | D:1      | 0 ||| qw: God list: Okawaru
     0 | D:1      | 0 ||| qw: Allow faded altars: false
     0 | D:1      | 0 ||| qw: Do Orc after D:15 true
     0 | D:1      | 0 ||| qw: Do second Lair branch before Depths: true
     0 | D:1      | 0 ||| qw: Lair rune preference: random
     0 | D:1      | 0 ||| qw: Plans: Normal
     0 | D:1      | 0 ||| PLANNING D:1-11
    33 | D:1      | 33 ||| DROPPING scroll of butterflies.
   116 | D:1      | Reached XP level 2. HP: 14/16 MP: 4/4
   187 | D:1      | Reached skill level 6 in Ranged Weapons
   279 | D:1      | 279 ||| Stepping ~*~*~tactically~*~*~ (outnumbered).
   293 | D:1      | HP: 4/16 [frilled lizard (3)]
   425 | D:1      | Reached XP level 3. HP: 20/20 MP: 5/5
   735 | D:1      | 735 ||| UPGRADING to +0 cloak.
   740 | D:1      | 740 ||| UPGRADING to +0 scale mail.
   750 | D:1      | 750 ||| DROPPING +0 leather armour.
   751 | D:1      | 751 ||| UPGRADING to +0 ring mail.
   761 | D:1      | 761 ||| DROPPING +0 scale mail.
   762 | D:1      | 762 ||| READING scroll labelled PUR RYLOMN.
   881 | D:2      | 881 ||| FLEEEEING.
   882 | D:2      | 882 ||| FLEEEEING.
   937 | D:2      | Reached skill level 7 in Ranged Weapons
   965 | D:2      | Noticed Natasha
   967 | D:2      | 967 ||| Stepping ~*~*~tactically~*~*~ (outnumbered).
   981 | D:2      | Killed Natasha
   982 | D:2      | Reached XP level 4. HP: 9/25 MP: 6/6
  1202 | D:2      | Reached skill level 8 in Ranged Weapons
  1294 | D:2      | Noticed Robin
  1306 | D:2      | Killed Robin
  1401 | D:2      | Noticed Natasha
  1405 | D:2      | 1405 ||| Stepping ~*~*~tactically~*~*~ (outnumbered).
  1410 | D:2      | Killed Natasha
  1411 | D:2      | Reached XP level 5. HP: 20/29 MP: 7/7
  1557 | D:2      | Found a runed translucent door.
  1558 | D:2      | Noticed Crazy Yiuf
  1561 | D:2      | 1561 ||| UPGRADING to +0 helmet.
  1566 | D:2      | 1566 ||| READING scroll labelled JIFULE QEKKUR.
  1567 | D:2      | 1567 ||| READING scroll labelled DER DOH UXZY.
  1568 | D:2      | 1568 ||| READING scroll labelled GYPHUE QIAZ.
  1620 | D:3      | Noticed Terence
  1633 | D:3      | Killed Terence
  1971 | D:3      | Reached skill level 9 in Ranged Weapons
  2543 | D:3      | 2543 ||| UPGRADING to amulet of reflection.
  2548 | D:3      | 2548 ||| READING scroll labelled OCRINUUTOU.
  2727 | D:3      | 2727 ||| READING scroll labelled GUJ ZAJOTH.
  2731 | D:3      | 2731 ||| READING scroll labelled BIOHUTHULI.
  2731 | D:3      | Identified a scroll of acquirement
  2731 | D:3      | 2731 ||| ACQUIRING +1 triple crossbow of Ureostra {penet,
                  | rCorr Str+5 Stlth-}
  2731 | D:3      | Acquired the +1 triple crossbow of Ureostra {penet, rCorr
                  | Str+5 Stlth-}
  2733 | D:3      | 2733 ||| SWAPPING to +1 triple crossbow of Ureostra {penet,
                  | rCorr Str+5 Stlth-}.
  2734 | D:3      | 2734 ||| DROPPING +0 shortbow.
  2883 | D:4      | Reached skill level 3 in Dodging
  2883 | D:4      | Reached XP level 6. HP: 35/35 MP: 8/8
  2903 | D:4      | Found Voethitz's Weapon Emporium.
  2996 | D:4      | Reached skill level 1 in Armour
  3173 | D:4      | Found a shimmering blue altar of Sif Muna.
  3410 | D:4      | 3410 ||| UPGRADING to +0 pair of gloves.
  3415 | D:4      | 3415 ||| UPGRADING to ring of positive energy.
  3416 | D:4      | 3416 ||| READING 2 scrolls labelled GAMEOB NINILING.
  3417 | D:4      | 3417 ||| READING 4 scrolls of identify.
  3417 | D:4      | 3417 ||| IDENTIFYING clear potion
  3418 | D:4      | 3418 ||| READING 3 scrolls of identify.
  3418 | D:4      | 3418 ||| IDENTIFYING black potion
  3419 | D:4      | 3419 ||| READING 2 scrolls of identify.
  3419 | D:4      | 3419 ||| IDENTIFYING glowing grey potion
  3420 | D:4      | 3420 ||| DROPPING potion of ambrosia.
  3421 | D:4      | 3421 ||| DROPPING potion of berserk rage.
  3422 | D:4      | 3422 ||| DROPPING scroll of amnesia.
  3442 | D:5      | Entered Level 5 of the Dungeon
  3446 | D:5      | Noticed an acid dragon
  3457 | D:5      | Noticed qw's ghost (novice GrFi)
  3465 | D:5      | Noticed a water moccasin
  3472 | D:5      | HP: 6/35 [water moccasin (5)]
  3473 | D:5      | HP: 2/35 [poisoned by a water moccasin]
  3474 | D:5      | Succumbed to a water moccasin's poison

Levels and vault maps discovered:
D:1:      dpeg_arrival_tiny_k, layout_basic, serial_bayou, serial_bayou_pond_c,
          serial_bayou_pond_b, serial_bayou_lagoon_b, serial_bayou_lagoon_a,
          st_stairs_10
D:2:      layout_loops_ring, uniq_robin, uniq_crazy_yiuf_cottage, uniq_natasha
D:3:      layout_basic, minmay_puff, uniq_terence
D:4:      layout_cave_pods, led_sif_pool, serial_shops,
          nicolae_shop_bloodbath_and_beyond
D:5:      layout_cave_pods, gammafunk_ghost_arena

Skill      XL: |  1  2  3  4  5  6 |
---------------+-------------------+-----
Ranged Weapons | 6 7 8 9 |  9.1
Fighting       | 2 |  2.0
Dodging        | 3 |  3.5
Armour         | 1 |  1.1
Stealth        | |  1.2

Action                     |  1- 3 |  4- 6 || total
---------------------------+-------+-------++-------
   Fire: Shortbow          |   100 |    86 ||   186
         Triple crossbow   |       |    31 ||    31
    Use: Scroll            |     1 |    10 ||    11
 Armour: Leather armour    |     4 |       ||     4
         Ring mail         |    16 |    15 ||    31
  Dodge: Dodged            |    33 |    26 ||    59
  Block: Other             |       |    13 ||    13

Table legend:
 A = Non-vault XP
 B = Vault XP
 C = Vault XP percentage of total XP
 D = Non-vault monster count
 E = Vault monster count
 F = Vault count percentage of total count
                 A         B        C        D         E       F
            +---------+---------+-------+---------+---------+-------
      Total |     378 |     120 |  24.1 |      60 |      22 |  26.8
            +---------+---------+-------+---------+---------+-------
        D:1 |      52 |       7 |  11.9 |      22 |       5 |  18.5
        D:2 |      90 |      72 |  44.4 |      13 |      13 |  50.0
        D:3 |      31 |      41 |  56.9 |      10 |       4 |  28.6
        D:4 |     168 |       0 |   0.0 |      14 |       0 |   0.0
        D:5 |      37 |       0 |   0.0 |       1 |       0 |   0.0
            +---------+---------+-------+---------+---------+-------
